 Dungeon Crawl Stone Soup version 0.30-a0-799-g109b55a442 (webtiles) character file.

Game seed: 692142559597720309

4 Esekla the Sneak (level 1, -4/16 HPs)
             Began as an Octopode Delver on Feb 21, 2023.
             Was an Initiate of Gozag.
             Killed from afar by an orc wizard (11 damage)
             ... with a puff of flame
             ... on level 5 of the Dungeon.
             The game lasted 00:05:17 (865 turns).

Esekla the Sneak (Octopode Delver)                   Turns: 865, Time: 00:05:18

Health: -4/16      AC:  1    Str: 11    XL:     1   Next: 60%
Magic:  1/1        EV: 13    Int: 12    God:    Gozag
Gold:   21         SH:  0    Dex: 13    Spells: 0/0 levels left

rFire   . . .      SeeInvis .    a - +0 falchion
rCold   . . .      Faith    .    (no shield)
rNeg    . . .      Spirit   .    (helmet restricted)
rPois   .          Reflect  .    (no amulet)
rElec   .          Harm     .    (no ring)
rCorr   .          Rampage  .    (no ring)
Will    .....                    (no ring)
Stlth   +++                      (no ring)
HPRegen 0.22/turn                (no ring)
MPRegen 0.07/turn                (no ring)
                                 (no ring)
                                 (no ring)

@: confused, hasted, very quick
A: almost no armour, amphibious, 8 rings, camouflage 1, gelatinous body 1,
nimble swimmer 1, tentacles
a: Renounce Religion, Potion Petition, Call Merchant, Bribe Branch


You were on level 5 of the Dungeon.
You worshipped Gozag.
Gozag was noncommittal.
You visited 2 branches of the dungeon, and saw 2 of its levels.

You collected 52 gold pieces.
You paid 31 gold pieces to Gozag.

Inventory:

Hand Weapons
 a - a +0 falchion (weapon)
Wands
 f - a wand of digging (3)
Scrolls
 b - a scroll of fog
 c - a scroll of teleportation {unknown}
 g - a scroll of immolation {unknown}


   Skills:
 * Level 3.0 Fighting
 * Level 2.0 Long Blades
 * Level 2.0 Dodging
 + Level 6.7 Stealth
 * Level 0.1 Spellcasting


You couldn't memorise any spells.
You didn't know any spells.
Your spell library was empty.

Dungeon Overview and Level Annotations

Branches:
Dungeon (5/15)             Temple (1/1) D:5

Altars:
Fedhas
Gozag
Hepliaklqana
Kikubaaqudgha
Makhleb
Nemelex Xobeh
Okawaru
Qazlal
Trog
Vehumet
Xom
Zin


Innate Abilities, Weirdness & Mutations

You cannot wear most types of armour.
You are amphibious.
You can wear up to eight rings at the same time.
Your skin changes colour to match your surroundings (Stealth+).
Your rubbery body absorbs attacks. (AC +1, EV +1)
You are camouflaged when in or above water. (Stealth+)
You have tentacles for arms and can constrict up to eight enemies at once.


Message History

You resist with significant effort.
You miss the orc wizard. Your squeeze misses the orc wizard.
The orc wizard is lightly wounded.
The orc wizard closely misses you.
The orc wizard hits you with a +0 dagger.
The orc wizard barely misses you.
The orc wizard hits you but does no damage.
You feel less confused.
You feel yourself speed up.
The orc wizard hits you with a +0 dagger.
The orc wizard barely misses you.
There is a staircase to the Ecumenical Temple here.
The howler monkey howls!
The orc wizard points at you and mumbles some strange words.
You are confused.
You bump into the rock wall.
You bump into the rock wall.
You bump into the rock wall.
You bump into the rock wall.
You bump into the rock wall.
The orc wizard hits you with a +0 dagger.
You feel less confused.
You enter the shallow water.
The orc wizard gestures at you while chanting.
You are confused.
You bump into the rock wall.
The orc wizard casts a spell at you. The magic dart hits you.
You are too confused!
You feel less confused.
The orc wizard mumbles some strange words.
The orc wizard flickers and vanishes!
Deactivating autopickup; reactivate with Ctrl-A.
You hear some strange, mumbled words.
You are confused.
A puff of flame appears from out of thin air!
The puff of flame hits you!
Ouch! That really hurt!
You die...
Your body crumbles into a pile of gold.

******** *,,,,,,, ***,******
**#..,* *#...#** #....#
######### #....#
####~~~~~~@####8..8#
**#~~~~≈≈≈≈≈§~~~#8..8#
***~~~≈≈≈≈≈≈≈§≈≈≈~~~..~###
*~~~≈≈≈≈≈~~~~{≈≈≈≈≈≈..~~~####
*~~~≈≈~~~~###~~~~≈≈≈..≈≈~~~~###
*~~~~~~###* ####~~~~..≈≈≈≈≈~~~~
*~~~~#** #########.~..~~≈≈≈≈≈≈≈
**########....####.8..8~~~~≈≈≈≈
#............h.o.8..8###~~~~~


There were no monsters in sight!

Vanquished Creatures
  2 orcs (Temple)
2 creatures vanquished.

Notes
Turn   | Place    | Note
-------+----------+-------------------------------------------
     0 | D:5      | Esekla the Octopode Delver began the quest for the Orb.
     0 | D:5      | Reached XP level 1. HP: 16/16 MP: 1/1
    26 | D:5      | Noticed an ice beast
    37 | D:5      | Noticed a yak
    37 | D:5      | Noticed a yak
    37 | D:5      | Noticed a yak
    37 | D:5      | Noticed a yak
    67 | D:5      | Noticed a howler monkey
    91 | D:5      | Found a staircase to the Ecumenical Temple.
    92 | D:5      | Noticed an orc wizard
   105 | Temple   | Entered the Ecumenical Temple
   342 | Temple   | Became a worshipper of Gozag Ym Sagoz the Greedy
   865 | D:5      | Killed from afar by an orc wizard

Illustrated notes

Levels and vault maps discovered:
D:5:      wander_river, layout_basic, temple_fountains, serial_shops,
          shop_fountains, kennysheep_small_spiral
Temple:   minmay_temple_forest_path

Action                     || total
---------------------------++-------
  Melee: Falchion          ||     7
         Constrict         ||     1
         Tentacles         ||     1
    Use: Scroll            ||     2
         Potion            ||     1
 Armour: Skin              ||     1
  Dodge: Dodged            ||     7

Table legend: (Time is in decaauts)
 A = Elapsed time spent in this place.
 B = Non-inter-level travel time spent in this place.
 C = Inter-level travel time spent in this place.
 D = Time resting spent in this place.
 E = Time spent auto-exploring this place.
 F = Levels seen in this place.
 G = Mean time per level.
                   A        B        C        D        E       F      G
               +--------+--------+--------+--------+--------+-----+--------+
         Total |    856 |    808 |     48 |    400 |    218 |   2 |  428.0 |
       Dungeon |    154 |    153 |      1 |      0 |      0 |   1 |  154.0 |
        Temple |    701 |    654 |     47 |    400 |    218 |   1 |  701.0 |
               +--------+--------+--------+--------+--------+-----+--------+

Top non-repeatable levels by time:
  Temple: 701 daAuts
     D:5: 154 daAuts
